 Dungeon Crawl Stone Soup version 0.28.0-53-g5a82cb258f (console) character file.

Game seed: 17949981106852874153

292 Banquo the Chopper (level 6, -1/37 HPs)
             Began as a Gargoyle Fighter on July 31, 2022.
             Slain by a steam dragon (7 damage)
             ... on level 4 of the Dungeon.
             The game lasted 00:04:58 (3290 turns).

Banquo the Chopper (Gargoyle Fighter)               Turns: 3290, Time: 00:04:58

Health: -1/37      AC: 12    Str: 19    XL:     6   Next: 33%
Magic:  6/6        EV:  9    Int:  9    God:
Gold:   141        SH:  4    Dex: 11    Spells: 5/5 levels left

rFire   . . .      SeeInvis .   a - +0 war axe
rCold   . . .      Faith    .   c - +0 buckler
rNeg    + . .      Spirit   .   b - +0 scale mail
rPois   ∞          Reflect  .   f - +0 helmet
rElec   +          Harm     .   (no cloak)
rCorr   .          Rampage  .   (no gloves)
Will    .....                   (no boots)
Stlth   ..........              n - amulet of regeneration
HPRegen 0.92/turn               (no ring)
MPRegen 0.10/turn               (no ring)

@: no status effects
A: sickness immunity, AC +4, negative energy resistance 1, electricity
resistance, torment resistance 1, petrification resistance
a: no special abilities


You were on level 4 of the Dungeon.
You visited 1 branch of the dungeon, and saw 4 of its levels.

You collected 141 gold pieces.

Inventory:

Hand Weapons
 a - a +0 war axe (weapon)
 i - a +0 flail
Missiles
 l - a throwing net (quivered)
 o - 27 stones
Armour
 b - a +0 scale mail (worn)
 c - a +0 buckler (worn)
 f - a +0 helmet (worn)
Jewellery
 n - an amulet of regeneration (around neck)
Scrolls
 e - a scroll of enchant armour {unknown}
 g - a scroll of acquirement {unknown}
 h - 2 scrolls of identify {unknown}
 j - a scroll of fear {unknown}
 p - a scroll of enchant weapon {unknown}
Potions
 d - 2 potions of might
 k - a potion of mutation {unknown}
 m - a potion of degeneration {unknown}
 q - a potion of curing {unknown}


   Skills:
 - Level 3.2 Fighting
 + Level 5.9 Axes
 - Level 3.2 Armour
 - Level 3.2 Shields


You had 5 spell levels left.
You didn't know any spells.
Your spell library contained the following spells:

 Spells                   Type           Power      Damage    Failure   Level
 Blink                    Tloc           0%         N/A       94%         2
 Lesser Beckoning         Tloc           0%         N/A       99%         3
 Manifold Assault         Tloc           0%         N/A       100%        5


Dungeon Overview and Level Annotations

Branches:
Dungeon (4/15)
 Temple: D:4-7

Altars:


Innate Abilities, Weirdness & Mutations

You are immune to sickness and miasma.
Your stone body is resilient. (AC +4)
You are immune to poison.
You resist negative energy. (rN+)
You are resistant to electric shocks. (rElec)
You are resistant to unholy torment.
You are immune to petrification.


Message History

The steam dragon breathes steam at you. The ball of steam hits you!
The steam dragon barely misses you.
The steam dragon claws you but does no damage.
You barely miss the steam dragon.
The steam dragon is moderately wounded.
You are engulfed in a cloud of scalding steam.
The steam dragon bites you but does no damage.
You block the steam dragon's attack.
A hound comes into view.
You barely miss the steam dragon.
The steam dragon is moderately wounded.
You block the steam dragon's attack. The steam dragon closely misses you.
You slash the steam dragon!
The steam dragon is severely wounded.
The steam dragon bites you. The steam dragon closely misses you.
You hit the steam dragon but do no damage.
The steam dragon is severely wounded.
The steam dragon bites you but does no damage.
The steam dragon claws you but does no damage.
The steam dragon closely misses you.
The steam dragon claws you but does no damage.
You hit the steam dragon.
The steam dragon is severely wounded.
An iguana comes into view.
The steam dragon breathes steam at you. The ball of steam hits you!
You hit the steam dragon but do no damage.
The steam dragon is severely wounded.
The steam dragon bites you but does no damage.
The steam dragon barely misses you.
You closely miss the steam dragon.
The steam dragon is severely wounded.
You are engulfed in a cloud of scalding steam.
* * * LOW HITPOINT WARNING * * *
The steam dragon bites you.
* * * LOW HITPOINT WARNING * * *
The steam dragon claws you.
* * * LOW HITPOINT WARNING * * *
The steam dragon bites you!
You die...

#.# #.# #.# #.# .
#.# .##.####
....†..##
........##########
..#†#.#.........@#
..#.#.#..#######D#
..#.#.#..### #h#
...........# #.#
####...#.#.....l..
#..##.##.......
#...### .#.#...#
#.... # ##..#
#...##


You could see a steam dragon, an iguana and a hound.

Vanquished Creatures
  A water moccasin (D:4)
  A water moccasin skeleton (D:4)
  A gnoll (D:1)
  8 adders
  2 dart slugs
  9 bats
  4 endoplasms
  5 giant cockroaches
  3 goblins
  8 hobgoblins
  3 quokkas
  5 ball pythons
  3 frilled lizards
  6 kobolds
  6 rats
65 creatures vanquished.

Notes
Turn   | Place    | Note
-------+----------+-------------------------------------------
     0 | D:1      | Banquo the Gargoyle Fighter began the quest for the Orb.
     0 | D:1      | Reached XP level 1. HP: 14/14 MP: 1/1
   129 | D:1      | Reached skill level 2 in Axes
   197 | D:1      | Reached XP level 2. HP: 19/19 MP: 2/2
   708 | D:1      | Reached skill level 3 in Axes
   713 | D:1      | Reached XP level 3. HP: 20/23 MP: 3/3
   965 | D:1      | Found a faded altar of an unknown god.
  1626 | D:2      | Reached XP level 4. HP: 28/28 MP: 4/4
  1806 | D:2      | Reached skill level 4 in Axes
  2572 | D:3      | Reached XP level 5. HP: 32/32 MP: 5/5
  3198 | D:4      | Reached skill level 5 in Axes
  3243 | D:4      | Noticed a water moccasin
  3255 | D:4      | Killed a water moccasin
  3256 | D:4      | Reached XP level 6. HP: 33/37 MP: 6/6
  3279 | D:4      | Noticed a steam dragon
  3290 | D:4      | Slain by a steam dragon

Illustrated notes

Levels and vault maps discovered:
D:1:      dpeg_arrival_yet_another_circle, layout_loops_cross,
          ebering_ecumenical_altar_sacrificial, kennysheep_boxes
D:2:      layout_rooms
D:3:      layout_loops_corners
D:4:      layout_basic, minmay_between

Skill      XL: |  1  2  3  4  5 |
---------------+----------------+-----
Axes           | 2 3 4 5 |  5.9
Fighting       | |  3.2
Armour         | |  3.2
Shields        | |  3.2

Action                   |  1- 3 |  4- 6 || total
-------------------------+-------+-------++-------
Melee: War axe           |    84 |   137 ||   221
Armor: Scale mail        |    49 |    86 ||   135
Dodge: Dodged            |    39 |    67 ||   106
Block: Buckler           |    26 |    36 ||    62
